 Dungeon Crawl Stone Soup version 0.30-a0-1114-gd936c97349 (webtiles) character file.

Game seed: 11355295805273907924

393377 juan097 the Spry (level 22, -11/115 HPs)
             Began as a Spriggan Enchanter on Apr 19, 2023.
             Was the Champion of Wu Jian.
             Killed from afar by a deep elf high priest (20 damage)
             ... with damnation
             ... on level 3 of the Elven Halls on Apr 20, 2023.
             The game lasted 05:32:22 (60336 turns).

juan097 the Spry (Spriggan Enchanter)              Turns: 60336, Time: 05:32:22

Health: -11/115    AC: 22    Str:  9    XL:     22   Next: 14%
Magic:  34/39      EV: 46    Int: 20    God:    Wu Jian [******]
Gold:   646        SH:  9    Dex: 26    Spells: 9/45 levels left

rFire   + . .      SeeInvis +    a - +6 dagger of Eternity {vamp, +Blink rC+}
rCold   + + .      Faith    .    x - +1 buckler of Byikedgh {Str+3}
rNeg    . . .      Spirit   .    q - +7 swamp dragon scales
rPois   +          Reflect  .    t - +2 hat
rElec   .          Rampage  .    Y - scarf {rC+ rF+}
rCorr   .                        (gloves unavailable)
Will    +++..                    (boots unavailable)
Stlth   ++++++                   S - amulet of the acrobat
HPRegen 0.39/turn                d - ring "Cotioz" {Wiz Int+3 Dex+2 Slay+3}
MPRegen 0.26/turn                B - +4 ring of protection {=R}

@: acrobatic, very quick
A: very small, no large weapons, unfitting armour, see invisible, speed 3
}: 2/15 runes: serpentine, barnacled
a: Renounce Religion, Evoke Blink, Wall Jump, Serpent's Lash, Heavenly Storm


You were on level 3 of the Elven Halls.
You worshipped Wu Jian.
Wu Jian was exalted by your worship.
You visited 8 branches of the dungeon, and saw 38 of its levels.

You collected 4439 gold pieces.
You spent 3793 gold pieces at shops.

Inventory:

Hand Weapons
 a - the +6 dagger of Eternity (weapon) {vamp, +Blink rC+}
   (You took it off Grum on level 8 of the Dungeon)

   rC:        It protects you from cold.
   +Blink:    It lets you blink.
 b - the +5 sling "Newtbane" {flame, rN+ Will+ MP-9 Str+3}
   (You found it on level 11 of the Dungeon)

   Str:       It affects your strength (+3).
   rN:        It protects you from negative energy.
   MP:        It affects your magic capacity (-9).
   Will:      It increases your willpower.
 w - a +2 demon blade of venom
Missiles
 y - 5 poisoned darts
 C - 7 throwing nets
 R - 4 curare-tipped darts
 T - 11 atropa-tipped darts
Armour
 q - +7 swamp dragon scales (worn)
 t - a +2 hat (worn)
 x - the +1 buckler of Byikedgh (worn) {Str+3}
   (You acquired it on level 2 of the Orcish Mines)

   Str:       It affects your strength (+3).
 Y - a scarf of resistance (worn)
Jewellery
 d - the ring "Cotioz" (left hand) {Wiz Int+3 Dex+2 Slay+3}
   (You found it on level 4 of the Vaults)

   [ring of wizardry]

   It improves your spell success rate.
   Int:       It affects your intelligence (+3).
   Dex:       It affects your dexterity (+2).
   Slay:      It affects your accuracy & damage with ranged weapons and melee
   (+3).
 z - a ring of ice
 B - a +4 ring of protection (right hand) {=R}
 J - a ring of willpower
 S - an amulet of the acrobat (around neck)
Wands
 h - a wand of digging (15)
 K - a wand of light (26)
 X - a wand of charming (34)
 Z - a wand of roots (11)
Scrolls
 e - 8 scrolls of blinking
 f - 4 scrolls of magic mapping
 j - a scroll of torment
 l - 2 scrolls of summoning
 m - 4 scrolls of poison
 p - 21 scrolls of teleportation
 r - 7 scrolls of vulnerability
 E - 5 scrolls of enchant weapon
 M - 6 scrolls of silence
 P - 4 scrolls of fear
 Q - 11 scrolls of fog
 U - 2 scrolls of amnesia
Potions
 c - 3 potions of invisibility
 g - 4 potions of mutation
 i - 12 potions of heal wounds
 k - 7 potions of brilliance
 n - 6 potions of ambrosia
 o - 8 potions of magic
 s - 10 potions of might
 A - 8 potions of lignification
 D - 4 potions of cancellation
 F - 5 potions of resistance
 G - 9 potions of berserk rage
 H - 13 potions of curing
 L - 7 potions of haste
 N - 9 potions of attraction
 V - 3 potions of flight
Miscellaneous
 u - a box of beasts
 v - a phantom mirror
 I - a lightning rod (4/4)
 O - a phial of floods


   Skills:
 - Level 12.0 Fighting
 - Level 12.0(15.1) Short Blades
 + Level 11.8(13.1) Long Blades
 - Level 8.0 Ranged Weapons
 - Level 6.0 Throwing
 - Level 8.0 Armour
 - Level 18.0 Dodging
 - Level 14.0 Stealth
 - Level 8.0 Shields
 - Level 12.0 Spellcasting
 - Level 5.0 Conjurations
 - Level 14.0 Hexes
 - Level 8.0 Translocations
 - Level 5.0 Transmutations
 - Level 8.0 Ice Magic
 - Level 8.0 Air Magic
 - Level 3.0 Earth Magic
 - Level 9.0 Poison Magic
 - Level 14.0 Evocations


You had 9 spell levels left.
You knew the following spells:

 Your Spells              Type           Power      Damage    Failure   Level
a - Ensorcelled Hibernat  Hex/Ice        100%       N/A       1%          2
b - Confusing Touch       Hex            61%        N/A       1%          3
c - Tukima's Dance        Hex            61%        N/A       1%          3
d - Dazzling Flash        Conj/Hex       100%       N/A       1%          3
e - Mephitic Cloud        Conj/Pois/Air  41%        N/A       1%          3
f - Metabolic Englaciati  Hex/Ice        27%        N/A       2%          5
g - Passwall              Tmut/Erth      23%        N/A       2%          2
h - Apportation           Tloc           88%        N/A       1%          1
i - Portal Projectile     Hex/Tloc       100%       N/A       1%          3
j - Silence               Hex/Air        27%        N/A       2%          5
k - Ozocubu's Armour      Ice            44%        N/A       1%          3
l - Vhi's Electric Charg  Tloc/Air       88%        N/A       1%          3

Your spell library contained the following spells:

 Spells                   Type           Power      Damage    Failure   Level
 Magic Dart               Conj           100%       1d8       1%          1
 Cigotuvi's Dreadful Rot  Necr/Pois/Air  68%        N/A       1%          2
 Lesser Beckoning         Tloc           88%        N/A       1%          2
 Searing Ray              Conj           64%        2d6       1%          2
 Gell's Gravitas          Tloc           44%        N/A       1%          3
 Teleport Other           Tloc           44%        N/A       1%          3
 Fulminant Prism          Conj/Hex       25%        3d13      1%          4
 Sandblast                Erth           48%        2d12      2%          1
 Leda's Liquefaction      Hex/Erth       23%        N/A       2%          4
 Kiss of Death            Conj/Necr      88%        2d12      3%          1
 Passage of Golubria      Tloc           44%        N/A       3%          4
 Ignite Poison            Fire/Tmut/Pois 30%        N/A       4%          3
 Stone Arrow              Conj/Erth      56%        3d10      5%          3
 Necrotise                Necr           48%        1d6       9%          1
 Summon Small Mammal      Summ           48%        N/A       9%          1
 Call Imp                 Summ           24%        N/A       14%         2
 Freezing Cloud           Conj/Ice/Air   20%        6-21      14%         5
 Petrify                  Tmut/Erth      28%        N/A       17%         4
 Arcjolt                  Conj/Air       19%        1d29      17%         5
 Blade Hands              Tmut           16%        N/A       32%         5
 Iskenderun's Battlesphe  Conj           32%        2d8       32%         5
 Animate Armour           Summ/Erth      36%        N/A       43%         4
 Dispersal                Tloc           22%        N/A       45%         6
 Lee's Rapid Deconstruct  Erth           12%        3d8*      56%         5
 Animate Dead             Necr           12%        N/A       63%         4
 Dispel Undead            Necr           12%        3d9       63%         4
 Fireball                 Conj/Fire      11%        3d7       63%         5
 Conjure Ball Lightning   Conj/Air       19%        3x3d6     65%         6
 Borgnjor's Vile Clutch   Necr/Erth      9%         N/A       77%         5
 Iron Shot                Conj/Erth      14%        9d4       92%         6
 Simulacrum               Ice/Necr       14%        N/A       92%         6
 Statue Form              Tmut/Erth      18%        N/A       92%         6
 Death Channel            Necr           6%         N/A       100%        6
 Orb of Destruction       Conj           16%        9d7       100%        7
 Spellforged Servitor     Conj/Summ      11%        N/A       100%        7
 Lehudib's Crystal Spear  Conj/Erth      14%        10d5      100%        8
 Maxwell's Capacitive Co  Air            22%        ∞         100%        8


Dungeon Overview and Level Annotations

Branches:
Dungeon (15/15)            Temple (1/1) D:6            Lair (5/5) D:11
 Shoals (4/4) Lair:3        Snake (4/4) Lair:2        Slime (0/5) Lair:5
    Orc (2/2) D:11            Elf (3/3) Orc:2        Vaults (4/5) D:13
  Crypt (0/3) Vaults:2     Depths (0/4) D:15

Altars:
Ashenzari
Cheibriados
Dithmenos
Elyvilon
Fedhas
Gozag
Hepliaklqana
Kikubaaqudgha
Makhleb
Nemelex Xobeh
Okawaru
Qazlal
Ru
Sif Muna
Trog
Uskayaw
Vehumet
Wu Jian
Xom
Yredelemnul
Zin
The Shining One
Jiyva
Lugonu

Shops:
D:8 =   D:13 *   D:14 ?   Orc:2 [(:[   Elf:1 **[!   Elf:3 **(=   Vaults:1 ?
Vaults:2 (   Vaults:3 *

Portals:
Abyss: Shoals:2

Annotations:
Shoals:1 Roxanne
Snake:1 1 runed translucent door, Keuh's ghost, adept VSFi
Snake:3 Vomnuq's ghost, journeyman DsGl
Vaults:4 2 transporters, exclusion: orange crystal statue, leviel's ghost, adept HOFi


Innate Abilities, Weirdness & Mutations

You are very small and have problems with some larger weapons.
You are too small for most types of armour.
You have supernaturally acute eyesight. (SInv)
You cover ground extremely quickly. (Speed+++)


Message History

Aiming: Mephitic Cloud (safe; 1% risk of failure)
Press: ? - help, Shift-Dir - straight line, p - deep elf annihilator The ball explodes into a vile cloud!
The stinking cloud engulfs the deep elf annihilator but does no damage.
You hear a shout!
The deep elf annihilator is engulfed in noxious fumes.
The deep elf annihilator points at you and mumbles some strange words.
The bolt of lightning misses you. x2
A deep elf demonologist comes into view.
It is wielding a +0 rapier.
You hear a shout! x3
You puncture the deep elf annihilator!
The deep elf annihilator is lightly wounded.
The deep elf annihilator seems less confused.
The deep elf annihilator is engulfed in noxious fumes.
The deep elf annihilator gestures wildly while chanting.
The deep elf annihilator blinks!
The deep elf annihilator casts a spell at you.
The bolt of lightning hits you!!! The bolt of lightning hits you!!
A deep elf high priest comes into view. It is wielding a +0 long sword.
Found a +0 rapier and a runed giant club.
You spin and attack the deep elf annihilator.
You puncture the deep elf annihilator!
The deep elf annihilator is moderately wounded.
Unknown command.
You spin and attack the deep elf annihilator.
You puncture the deep elf annihilator!
You feel better.
The deep elf annihilator is heavily wounded.
The deep elf demonologist is engulfed in noxious fumes.
The deep elf demonologist gestures wildly while chanting.
The deep elf annihilator completely misses you.
The deep elf high priest prays to its god.
The deep elf high priest begins emitting a brilliant aura!
The deep elf demonologist is empowered by the deep elf high priest's aura!
The deep elf annihilator is empowered by the deep elf high priest's aura! x2
The deep elf annihilator points at you and mumbles some strange words.
The iron shot hits you!!!
* * * LOW HITPOINT WARNING * * *
The deep elf high priest calls down the wrath of its god upon you.
The sphere of damnation explodes!
The damnation engulfs you!!
You die...

.. #### 1# .....##
#e### ........#
##e○.## ........#
##°°☼..##
........###..○°...#
....
........##..°....#
....
#.......'@...e..#
....
#......##.e...##
...#
##.....###...##
...# #.....# ##'##
...## ##.....# ..#
....## ##......#
).#
.....###.......#
)##
.)...)....)...## ##
.............##


You could see a Hell Sentinel (summoned), 2 deep elf annihilators, a deep elf
demonologist (empowered) and a deep elf high priest (brilliance aura).

Vanquished Creatures
  A dread lich (Vaults:3)
  Mara (Vaults:2)
  Boris (Vaults:2)
  Vashnia (Snake:4)
  Frederick (Vaults:2)
  Jory (Vaults:2)
  A lich (Vaults:4)
  3 deep elf master archers
  A deep elf blademaster (Elf:2)
  5 sphinxes
  Kirke (D:12)
  2 tengu reavers
  Gastronok (Lair:1)
  Agnes (D:14)
  5 deep elf sorcerers
  A revenant (Vaults:2)
  A storm dragon (Vaults:4)
  4 nagarajas (Snake:4)
  2 fire giants
  10 vault wardens
  6 orc warlords
  3 deep elf elementalists (Elf:3)
  13 ironbound preservers
  A ghoul (Vaults:1)
  8 very ugly things
  4 ironbound thunderhulks
  A war gargoyle (Vaults:1)
  4 deep elf demonologists (Elf:3)
  6 deep elf annihilators (Elf:3)
  13 dire elephants
  4 deep elf death magi
  Josephine (D:14)
  A crystal guardian (Vaults:2)
  6 merfolk javelineers
  2 ettins (Vaults:4)
  13 merfolk impalers
  8 great orbs of eyes
  3 entropy weavers
  6 deep elf high priests
  Fannar (Lair:1)
  5 hydras
  Harold (Lair:1)
  9 vault guards
  2 peacekeepers
  5 yaktaur captains
  3 salamander tyrants
  2 merfolk avatars (Shoals:3)
  The ghost of Heug the Geomancer, a journeyman GrEE of Hepliaklqana (D:13)
  An ogre mage (D:15)
  A catoblepas (D:9)
  3 merfolk aquamancers (Shoals:4)
  9 two-headed ogres
  8 boulder beetles
  Erica (Lair:1)
  An alligator snapping turtle (Shoals:4)
  13 centaur warriors
  14 death yaks
  15 naga warriors
  3 tengu warriors
  6 ironbound frosthearts
  11 anacondas
  A boulder beetle (shapeshifter) (Elf:3)
  13 naga sharpshooters
  4 orc high priests
  25 dancing weapons
  A death knight (Vaults:2)
  14 deep elf knights
  3 shock serpents
  Sonja (Lair:5)
  7 skysharks
  4 salamander mystics
  31 deep trolls
  A glowing orange brain (Vaults:1)
  11 sea snakes
  A spriggan druid (Elf:2)
  27 slime creatures
  3 naga ritualists
  17 harpies
  10 wizards
  11 lindwurms
  10 deep elf archers
  25 deep elf zephyrmancers
  11 ironbound convokers
  3 oklob plants
  Pikel (D:5)
  A phantasmal warrior (Vaults:1)
  A necromancer (Vaults:2)
  8 mana vipers
  38 ugly things
  15 orc knights
  20 manticores
  6 orc sorcerers
  29 deep elf pyromancers
  2 fauns (Shoals:2)
  20 salamanders
  A tengu skeleton (Vaults:2)
  7 cyclopes
  8 merfolk sirens
  15 naga magi
  34 black mambas
  9 guardian serpents
  12 vault sentinels
  17 elephants
  Joseph (D:7)
  3 water nymphs (Shoals:4)
  A gargoyle (D:14)
  An unseen horror zombie (D:8)
  19 cane toads
  Maggie (Lair:2)
  3 unseen horrors
  3 rime drakes
  4 freezing wraiths
  29 yaktaurs
  A spectral salamander (Snake:3)
  A komodo dragon (shapeshifter) (Elf:2)
  4 efreet
  9 komodo dragons
  3 meliai (D:13)
  2 polar bears
  2 tyrant leeches (Lair:5)
  22 merfolk
  7 trolls
  7 wind drakes
  2 human skeletons (Vaults:2)
  18 blink frogs
  8 snapping turtles
  A tarantella (shapeshifter) (D:13)
  8 dream sheep
  An ettin skeleton (Vaults:2)
  3 spectral black mambas (Snake:3)
  2 air elementals
  A jumping spider (Vaults:1)
  A centaur simulacrum (D:14)
  Sigmund (D:3)
  2 shadows
  A hog (D:12)
  5 water elementals
  8 wraiths
  A human (shapeshifter) (D:13)
  4 basilisks
  62 yaks
  Grum (D:8)
  A wyvern (Lair:2)
  2 redbacks
  9 vampire mosquitoes
  26 nagas
  2 wargs (Orc:2)
  2 acid dragons
  26 water moccasins
  A swamp drake (D:10)
  3 ice beasts
  54 orc warriors
  3 sky beasts
  2 black bears
  A black mamba simulacrum (Snake:3)
  15 centaurs
  30 wolves
  14 ogres
  A wolf (shapeshifter) (D:15)
  2 phantoms
  A human zombie (Vaults:2)
  6 kobold brigands
  18 bullfrogs
  3 earth elementals
  A gnoll sergeant (D:11)
  3 scorpions
  14 wights
  10 electric eels
  10 howler monkeys
  A crimson imp (D:10)
  3 jellies
  2 centaur zombies (D:8)
  12 orc priests
  5 hounds
  Crazy Yiuf (D:7)
  An iron imp (D:10)
  2 iguanas (D:4)
  Natasha (thrice) (D:3)
  31 orc wizards
  4 hell rats (D:11)
  2 naga simulacra (Snake:3)
  2 killer bee zombies (D:8)
  2 howler monkey zombies (D:8)
  Robin (D:4)
  8 gnolls
  6 adders
  A river rat (D:11)
  3 shadow imps
  3 white imps
  2 ufetubi
  2 worms
  A dart slug (D:4)
  108 orcs
  7 ball pythons
  7 endoplasms
  3 giant cockroaches (D:1)
  16 goblins
  7 hobgoblins
  7 jackals
  43 kobolds
  5 quokkas
  3 bats
  5 frilled lizards
  11 rats
  2 lurking horrors (Shoals:2)
1575 creatures vanquished.

Vanquished Creatures (collateral kills)
  A vault warden (Vaults:1)
  An ironbound preserver (Vaults:4)
  A naga warrior (Snake:2)
  An ugly thing (D:14)
  3 slime creatures (D:12)
  A guardian serpent (Snake:2)
  A rime drake (Lair:2)
  A water moccasin (Lair:2)
  A boggart (D:14)
  3 centaurs (D:12)
14 creatures vanquished.

Vanquished Creatures (others)
  A crystal guardian (Vaults:1)
  2 vault guards (Vaults:4)
  2 deep elf knights (Elf:2)
  A deep troll (Vaults:1)
  A deep elf pyromancer (Elf:1)
  An ugly thing (D:14)
  A deep elf zephyrmancer (Elf:3)
  A fire elemental (Elf:2)
  2 nagas
  A centaur (D:15)
  An orc (Orc:1)
  2 bushes
  34 fungi
  141 plants
  4 withered plants
195 creatures vanquished.

Grand Total: 1784 creatures vanquished

Notes
Turn   | Place    | Note
-------+----------+-------------------------------------------
     0 | D:1      | juan097 the Spriggan Enchanter began the quest for the Orb.
     0 | D:1      | Reached XP level 1. HP: 9/9 MP: 5/5
    56 | D:1      | Reached skill level 3 in Dodging
   115 | D:1      | Reached XP level 2. HP: 11/13 MP: 6/6
   457 | D:1      | Found a faded altar of an unknown god.
   737 | D:1      | Reached XP level 3. HP: 16/16 MP: 8/8
  1130 | D:2      | Identified the +4 ring mail of Xom's Generosity {rElec
                  | Str-4 Int-3 Slay+5}
  1199 | D:2      | Learned a level 2 spell: Ensorcelled Hibernation
  1363 | D:2      | Reached skill level 5 in Stealth
  1426 | D:2      | Reached skill level 4 in Dodging
  1426 | D:2      | Reached XP level 4. HP: 21/21 MP: 6/9
  2069 | D:2      | Learned a level 3 spell: Confusing Touch
  2070 | D:3      | Noticed Sigmund
  2070 | D:3      | Noticed Natasha
  2144 | D:3      | Killed Natasha
  2213 | D:3      | Reached skill level 1 in Ice Magic
  2213 | D:3      | Reached XP level 5. HP: 24/24 MP: 9/11
  2286 | D:3      | Found a shadowy altar of Dithmenos.
  2286 | D:3      | Found a snail-covered altar of Cheibriados.
  2309 | D:3      | Found a transporter.
  2316 | D:3      | Found a transporter.
  2338 | D:3      | Noticed Natasha
  2359 | D:3      | Killed Natasha
  2636 | D:3      | Noticed Natasha
  2654 | D:3      | Killed Natasha
  2716 | D:3      | Found a sparkling altar of Nemelex Xobeh.
  3037 | D:4      | Noticed a black bear
  3092 | D:4      | Killed a black bear
  3093 | D:4      | Reached XP level 6. HP: 20/28 MP: 7/12
  3268 | D:4      | Noticed Robin
  3307 | D:4      | Killed Robin
  3959 | D:4      | Reached skill level 5 in Hexes
  4337 | D:4      | Noticed an ice beast
  4339 | D:4      | Killed an ice beast
  4340 | D:4      | Reached XP level 7. HP: 32/32 MP: 14/14
  4486 | D:5      | Entered Level 5 of the Dungeon
  4536 | D:5      | Found a glowing golden altar of the Shining One.
  4716 | D:5      | Noticed Pikel
  4731 | D:5      | Killed Pikel
  4732 | D:5      | Reached skill level 5 in Short Blades
  4732 | D:5      | Reached XP level 8. HP: 39/39 MP: 9/15
  4736 | D:5      | Learned a level 3 spell: Tukima's Dance
  5044 | D:5      | Reached skill level 1 in Evocations
  5064 | D:5      | Found a broken altar of Ashenzari.
  5773 | D:6      | Reached skill level 5 in Dodging
  6030 | D:6      | Reached XP level 9. HP: 44/44 MP: 11/16
  6273 | D:6      | Reached skill level 6 in Dodging
  6435 | D:6      | Found a staircase to the Ecumenical Temple.
  6556 | Temple   | Entered the Ecumenical Temple
  6616 | Temple   | Became a worshipper of the Wu Jian Council
  6789 | D:7      | Reached skill level 1 in Ranged Weapons
  7136 | D:7      | Noticed Joseph
  7274 | D:7      | Found a runed translucent door.
  7275 | D:7      | Noticed Crazy Yiuf
  7531 | D:7      | Reached * piety under Wu Jian
  7532 | D:7      | Reached skill level 1 in Throwing
  7595 | D:7      | Reached skill level 7 in Dodging
  7753 | D:7      | Found a bloodstained altar of Trog.
  7856 | D:7      | Killed Joseph
  7930 | D:8      | Reached XP level 10. HP: 40/51 MP: 10/17
  8158 | D:8      | Reached skill level 5 in Fighting
  8232 | D:8      | Found Xioni's Jewellery Shop.
  8394 | D:8      | Identified the +6 dagger of Eternity {vamp, +Blink rC+}
  8394 | D:8      | Noticed Grum
  8395 | D:8      | Noticed a two-headed ogre
  8436 | D:8      | Killed a two-headed ogre
  8437 | D:8      | Reached skill level 8 in Dodging
  8584 | D:8      | Killed Grum
  9149 | D:8      | Reached ** piety under Wu Jian
  9749 | D:9      | Learned a level 3 spell: Dazzling Flash
  9890 | D:9      | Reached XP level 11. HP: 56/56 MP: 5/19
 10184 | D:9      | Found an opulent altar of Gozag.
 10222 | D:9      | Reached skill level 5 in Evocations
 10388 | D:9      | Noticed a catoblepas
 10453 | D:9      | Killed a catoblepas
 10454 | D:9      | Reached skill level 5 in Spellcasting
 10454 | D:9      | Reached skill level 1 in Conjurations
 11149 | D:10     | Entered Level 10 of the Dungeon
 11331 | D:10     | Reached *** piety under Wu Jian
 11629 | D:10     | Noticed a deep elf pyromancer
 11647 | D:10     | Killed a deep elf pyromancer
 11781 | D:10     | Noticed a deep elf zephyrmancer
 11791 | D:10     | Killed a deep elf zephyrmancer
 11838 | D:10     | Learned a level 3 spell: Mephitic Cloud
 11927 | D:10     | Noticed a boulder beetle
 11944 | D:10     | Killed a boulder beetle
 11945 | D:10     | Reached skill level 9 in Dodging
 12037 | D:10     | Reached skill level 1 in Poison Magic
 12167 | D:10     | Reached skill level 1 in Air Magic
 12579 | D:7      | Killed Crazy Yiuf
 12830 | D:3      | Killed Sigmund
 13193 | D:8      | Bought a ring of willpower for 300 gold pieces
 13347 | D:11     | Reached skill level 5 in Ice Magic
 13452 | D:11     | Reached **** piety under Wu Jian
 13862 | D:11     | Found a staircase to the Orcish Mines.
 13897 | D:11     | Noticed a death yak
 13898 | D:11     | Found a staircase to the Lair.
 13899 | D:11     | Noticed a death yak
 13901 | D:11     | Noticed a death yak
 13945 | D:10     | Killed a death yak
 13946 | D:10     | Reached skill level 10 in Stealth
 14308 | D:11     | Killed a death yak
 14317 | D:11     | Killed a death yak
 14318 | D:11     | Reached XP level 12. HP: 61/61 MP: 19/22
 14337 | D:11     | Noticed a two-headed ogre
 14380 | D:11     | Killed a two-headed ogre
 14543 | D:11     | Identified the +5 sling "Newtbane" {flame, rN+ Will+ MP-9
                  | Str+3}
 15189 | Lair:1   | Entered Level 1 of the Lair of Beasts
 15463 | Lair:1   | Reached skill level 10 in Dodging
 15478 | D:11     | Reached ***** piety under Wu Jian
 15581 | Lair:1   | Reached skill level 10 in Hexes
 15735 | Lair:1   | Noticed Gastronok
 15830 | Lair:1   | Reached skill level 10 in Short Blades
 15871 | Lair:1   | You fall into a shaft and drop 1 floor!
 16011 | Lair:2   | Noticed Maggie
 16075 | Lair:1   | Noticed a death yak
 16078 | Lair:1   | Noticed a death yak
 16089 | Lair:1   | Noticed a death yak
 16093 | Lair:1   | Noticed a death yak
 16095 | Lair:1   | Noticed a death yak
 16101 | Lair:1   | Killed a death yak
 16113 | Lair:1   | Killed a death yak
 16279 | Lair:1   | Noticed Erica
 16290 | Lair:1   | Killed Erica
 16298 | Lair:1   | Noticed Harold
 16309 | Lair:1   | Noticed a death yak
 16478 | D:11     | Killed a death yak
 16638 | D:11     | Killed a death yak
 16639 | D:11     | Reached XP level 13. HP: 65/65 MP: 14/23
 16754 | Lair:1   | Killed Harold
 16778 | Lair:1   | Killed Gastronok
 16779 | Lair:1   | Reached skill level 5 in Poison Magic
 17107 | Lair:1   | Noticed Fannar
 17109 | Lair:1   | Killed Fannar
 17423 | Lair:2   | Reached skill level 5 in Air Magic
 17646 | Lair:2   | Reached skill level 11 in Dodging
 17784 | Lair:2   | Found a staircase to the Snake Pit.
 18391 | Lair:2   | Killed Maggie
 18728 | Lair:3   | Reached skill level 1 in Armour
 18839 | Lair:3   | Found a staircase to the Shoals.
 19467 | Lair:4   | Reached ****** piety under Wu Jian
 19711 | Lair:4   | Reached XP level 14. HP: 72/72 MP: 23/26
 20227 | Lair:5   | Entered Level 5 of the Lair of Beasts
 20262 | Lair:5   | Identified the +6 short sword "Guthule" {heavy, Drain rElec
                  | MP+9 Int+6}
 20352 | Lair:4   | Reached skill level 10 in Evocations
 20498 | Lair:5   | Noticed Sonja
 20790 | Lair:5   | Reached skill level 5 in Throwing
 20885 | Lair:5   | Killed Sonja
 20886 | Lair:5   | Reached skill level 12 in Dodging
 21538 | Lair:5   | Found a viscous altar of Jiyva.
 21538 | Lair:5   | Found a staircase to the Slime Pits.
 21845 | Lair:5   | Identified the +4 scale mail "Jaahi" {-Cast Harm rN+++
                  | Str-4}
 22016 | Lair:5   | Identified 2 scrolls of acquirement
 22210 | Orc:1    | Entered Level 1 of the Orcish Mines
 22254 | Orc:1    | Noticed an orc warlord
 22464 | D:11     | Killed an orc warlord
 23162 | Orc:2    | Entered Level 2 of the Orcish Mines
 23602 | Orc:2    | Found a staircase to the Elven Halls.
 23711 | Orc:2    | Reached skill level 5 in Armour
 23856 | Orc:2    | Reached skill level 13 in Dodging
 23862 | Orc:2    | Reached XP level 15. HP: 78/78 MP: 12/28
 24263 | Orc:2    | Found Arahank's Armour Boutique.
 24580 | Orc:2    | Found Kabump's Antique Armour Shoppe.
 24582 | Orc:2    | Found Ygegeqie's Antique Weapon Emporium.
 24699 | Orc:2    | Found Cauhaf's Book Shop.
 24919 | Orc:2    | Acquired a book of the Moon
 24922 | Orc:2    | Acquired the +1 buckler of Byikedgh {Str+3}
 25194 | D:12     | Reached skill level 14 in Dodging
 25205 | D:12     | Reached skill level 1 in Shields
 25752 | D:12     | Noticed Kirke
 25754 | D:12     | Killed Kirke
 26039 | D:13     | Identified the +1 ring mail "Haunn" {rN+}
 26075 | D:13     | Found Qungouf's Pet Rocks.
 26119 | D:13     | Identified the +6 spear of Disembowelment {drain, rCorr}
 26142 | D:13     | Found a runed translucent gate.
 26142 | D:13     | Found a runed translucent gate.
 26142 | D:13     | Found a runed translucent gate.
 26319 | D:13     | Noticed Heug's ghost (journeyman GrEE)
 26438 | D:13     | Found a gate to the Vaults.
 27005 | D:14     | Noticed Agnes
 27012 | D:14     | Killed Agnes
 27013 | D:14     | Reached skill level 10 in Fighting
 27170 | D:14     | Identified the +4 shortbow of Wounding {heavy, rN+ Will+
                  | SInv Stlth+}
 27256 | D:14     | Found Ugaxowk's Magic Scroll Shoppe.
 27303 | D:14     | Reached skill level 5 in Shields
 27378 | D:14     | Bought a scroll of fog for 44 gold pieces
 27378 | D:14     | Bought a scroll of fog for 44 gold pieces
 27378 | D:14     | Bought a scroll of fear for 44 gold pieces
 27378 | D:14     | Bought a scroll of brand weapon for 104 gold pieces
 27558 | D:14     | Noticed Josephine
 27560 | D:14     | Killed Josephine
 27951 | D:14     | Reached XP level 16. HP: 85/85 MP: 10/29
 28227 | D:14     | Reached XP level 17. HP: 89/89 MP: 30/30
 28248 | D:15     | Entered Level 15 of the Dungeon
 28461 | D:15     | Found a staircase to the Depths.
 28613 | D:15     | Found a stormy altar of Qazlal.
 29536 | Snake:1  | Entered Level 1 of the Snake Pit
 29662 | Snake:1  | Learned a level 5 spell: Metabolic Englaciation
 30055 | Snake:1  | Found a runed translucent door.
 30108 | Snake:1  | Noticed Keuh's ghost (adept VSFi)
 32120 | Snake:2  | Identified the +1 robe of Wixee {Rampage +Blink Dex+4}
 32144 | Snake:2  | Reached skill level 5 in Ranged Weapons
 33140 | Snake:3  | Found a runed translucent gate.
 33142 | Snake:3  | Found a runed translucent gate.
 33147 | Snake:3  | Found a runed translucent gate.
 33591 | Snake:3  | Noticed Vomnuq's ghost (journeyman DsGl)
 33608 | Snake:4  | Entered Level 4 of the Snake Pit
 33613 | Snake:4  | Reached skill level 10 in Spellcasting
 33954 | Snake:4  | Reached XP level 18. HP: 90/93 MP: 19/33
 34073 | Snake:4  | Reached skill level 5 in Conjurations
 35356 | Snake:4  | Noticed Vashnia
 36148 | Snake:4  | Killed Vashnia
 36901 | Snake:4  | Got a serpentine rune of Zot
 37459 | Shoals:1 | Entered Level 1 of the Shoals
 38005 | Shoals:1 | Noticed Roxanne
 38902 | Shoals:2 | Found a corrupted altar of Lugonu.
 38903 | Shoals:2 | Found a one-way gate to the infinite horrors of the Abyss.
 40131 | Shoals:3 | Reached skill level 15 in Dodging
 40368 | Shoals:4 | Entered Level 4 of the Shoals
 41145 | Shoals:4 | Reached XP level 19. HP: 91/99 MP: 21/35
 41483 | Orc:2    | Bought a book of Geomancy for 216 gold pieces
 41486 | Orc:2    | Learned a level 2 spell: Passwall
 41894 | Shoals:4 | Reached skill level 1 in Transmutations
 41942 | Shoals:4 | Identified the staff of earth "Tugimeh" {*Slow rPois rF+
                  | Dex+2}
 41981 | Shoals:4 | Reached skill level 1 in Earth Magic
 42062 | Shoals:4 | Learned a level 1 spell: Apportation
 42554 | Shoals:4 | Reached skill level 1 in Translocations
 42809 | Shoals:4 | Got a barnacled rune of Zot
 43243 | Lair:1   | Learned a level 3 spell: Portal Projectile
 43352 | D:13     | Upgraded the game from 0.30-a0-1112-gfb780f5df6 to
                  | 0.30-a0-1114-gd936c97349
 43363 | Vaults:1 | Entered Level 1 of the Vaults
 43373 | Vaults:1 | Acquired a +4 quick blade of venom
 43602 | Vaults:1 | Identified the ring "Jiryts" {Will+ SInv}
 43732 | Vaults:1 | Reached skill level 5 in Transmutations
 43869 | Vaults:1 | Reached skill level 16 in Dodging
 44089 | Vaults:1 | Found Fuhesm's Magic Scroll Shop.
 44097 | Vaults:1 | Bought a scroll of blinking for 75 gold pieces
 44097 | Vaults:1 | Bought a scroll of silence for 95 gold pieces
 44099 | Vaults:1 | Bought a scroll of acquirement for 520 gold pieces
 44107 | Vaults:1 | Learned a level 5 spell: Silence
 44108 | Vaults:1 | Acquired a book of Winter
 44114 | Vaults:1 | Learned a level 3 spell: Ozocubu's Armour
 45257 | Vaults:2 | Identified the +6 quarterstaff of Quick Death {heavy, rPois
                  | Str+4}
 45355 | Vaults:2 | Noticed Boris
 45382 | Vaults:2 | Killed Boris
 45449 | Vaults:2 | Reached skill level 1 in Long Blades
 45867 | Vaults:2 | Found a staircase to the Crypt.
 46507 | Vaults:2 | Reached XP level 20. HP: 107/107 MP: 31/36
 46745 | Vaults:2 | Reached skill level 5 in Long Blades
 47190 | Vaults:2 | Found Hipihuq's Weapon Boutique.
 47448 | Vaults:2 | Noticed Jory
 47471 | Vaults:2 | Killed Jory
 47524 | Vaults:2 | Noticed Frederick
 47543 | Vaults:2 | Killed Frederick
 47809 | Vaults:2 | Noticed Mara
 47813 | Vaults:2 | Killed Mara
 47830 | Vaults:2 | Reached skill level 17 in Dodging
 48846 | Vaults:3 | Noticed a dread lich
 48850 | Vaults:3 | Killed a dread lich
 49160 | Vaults:3 | Found Qunoegik's General Store.
 49176 | Vaults:3 | Bought a potion of heal wounds for 85 gold pieces
 49866 | Vaults:3 | Reached skill level 18 in Dodging
 51125 | Vaults:4 | Reached XP level 21. HP: 40/111 MP: 18/37
 51405 | Vaults:4 | Found a transporter.
 51405 | Vaults:4 | Noticed leviel's ghost (adept HOFi)
 51406 | Vaults:4 | Found a transporter.
 51406 | Vaults:4 | Found the +7 great mace "Undeadhunter" {deathbane, rN+}
 51407 | Vaults:4 | Identified the +6 great mace "Ciwiw" {heavy, rF+ Int+2
                  | Dex+2}
 51684 | Vaults:4 | Found a transporter.
 51697 | Vaults:4 | Found a transporter.
 52577 | Vaults:4 | Learned a level 3 spell: Vhi's Electric Charge
 52582 | Vaults:4 | Identified the ring "Cotioz" {Wiz Int+3 Dex+2 Slay+3}
 53280 | D:13     | Killed Heug's ghost
 53448 | Elf:1    | Entered Level 1 of the Elven Halls
 53473 | Elf:1    | Reached skill level 5 in Translocations
 53656 | Elf:1    | Paralysed by an air elemental for 1 turns
 54005 | Elf:1    | Found Teuvau's Antique Armour Shoppe.
 54091 | Elf:1    | Found Vakhluy's Distillery.
 54104 | Elf:1    | Bought a potion of heal wounds for 90 gold pieces
 54104 | Elf:1    | Bought a potion of invisibility for 144 gold pieces
 54104 | Elf:1    | Bought a potion of heal wounds for 90 gold pieces
 54104 | Elf:1    | Bought a potion of haste for 180 gold pieces
 54104 | Elf:1    | Bought a potion of cancellation for 144 gold pieces
 54383 | Elf:1    | Found Omewax's Assorted Antiques.
 54388 | Elf:1    | Bought a scroll labelled SAKHOD ITHO for 34 gold pieces
 54388 | Elf:1    | Bought a scroll of enchant armour for 255 gold pieces
 54388 | Elf:1    | Bought 2 scrolls of blinking for 510 gold pieces
 54388 | Elf:1    | Bought a scroll of blinking for 255 gold pieces
 54401 | Elf:1    | Found Nuvvoha's Assorted Antiques.
 54409 | Elf:1    | Bought a scroll of enchant armour for 322 gold pieces
 54409 | Elf:1    | Bought a scroll of fog for 172 gold pieces
 54959 | Elf:2    | Found a runed translucent gate.
 54960 | Elf:2    | Found a runed translucent gate.
 54960 | Elf:2    | Found a runed translucent gate.
 57203 | Elf:3    | Entered Level 3 of the Elven Halls
 57391 | Elf:3    | Found Xuckuec's General Store.
 57403 | Elf:3    | Bought a potion of heal wounds for 70 gold pieces
 57409 | Elf:3    | Found Pulisi's Antique Weapon Shoppe.
 57410 | Elf:3    | Paralysed by an air elemental for 1 turns
 57415 | Elf:3    | Paralysed by an air elemental for 1 turns
 57561 | Elf:3    | Found Xulosass's General Store.
 57667 | Elf:3    | Reached skill level 10 in Long Blades
 57900 | Elf:3    | Found Deelerat's Jewellery Shoppe.
 58675 | Elf:3    | Identified the +10 halberd "Zoobbeg" {flame, Int+4}
 59412 | Elf:2    | Reached XP level 22. HP: 82/115 MP: 31/39
 60336 | Elf:3    | Killed from afar by a deep elf high priest

Illustrated notes

Levels and vault maps discovered:
D:1:      giann_bridges, layout_basic, shapermc_ecumenical_altar_flowoftime
D:2:      layout_loops_corners
D:3:      layout_rooms, overflow_temple_1_default,
          gammafunk_temple_overflow_arena, kennysheep_boxes, uniq_sigmund,
          uniq_natasha
D:4:      layout_cave_pods, uniq_robin
D:5:      layout_basic, evilmike_ruin_ashenzari, tso_metal_star, uniq_pikel
D:6:      layout_rooms, minmay_temple_entry_fiery
D:7:      layout_basic, bloody_trog, uniq_crazy_yiuf_cottage, uniq_joseph
D:8:      layout_loops_cross, serial_undead, serial_undead_d, serial_undead_a,
          serial_undead_a, serial_undead_e, serial_shops, shop, uniq_grum
D:9:      layout_layer_cave, mainiacjoe_overflow_paths, hangedman_fish_farm
D:10:     layout_gridville, hangedman_minor_magic
D:11:     layout_basic, dpeg_lair_monsters
D:12:     layout_roguey, uniq_kirke
D:13:     layout_cave_pools, erik_vaults_2, serial_column_ruins,
          column_ruins_pillar_1, column_ruins_pillar_9, column_ruins_pillar_7,
          column_ruins_pillar_3, column_ruins_pillar_9, column_ruins_pillar_9,
          column_ruins_pillar_5, column_ruins_pillar_5, column_ruins_pillar_9,
          column_ruins_pillar_10, column_ruins_pillar_6, gammafunk_ghost_split,
          guppyfry_shop_earth
D:14:     minmay_chambers_of_sevens, layout_basic, serial_shops, shop,
          uniq_josephine, uniq_agnes
D:15:     hangedman_depths_entry_try_elsewhere_first, layout_basic,
          nicolae_qazlal_style_of_elements, chequers_serial_rivers_large_b
Temple:   nicolae_temple_superstar
Lair:1:   layout_regular_city, minmay_lair_oklob_bushes, uniq_gastronok,
          uniq_erica, uniq_fannar, uniq_harold
Lair:2:   layout_gridlike, minmay_snake_entry_six_corridors, grunt_megastairs_4,
          uniq_maggie
Lair:3:   layout_misc_corridors, nicolae_shoals_entry_roost,
          cheibrodos_lair_caveside_slide, lemuel_fruit_fields
Lair:4:   layout_regular_city, grunt_megastairs_5
Lair:5:   minmay_lair_end_frog_pond, layout_long_grid, slime_entry_1, uniq_sonja
Shoals:1: nicolae_shoals_deep_elves_summer_vacation, layout_shoals,
          nicolae_shoals_mertower, uniq_roxanne
Shoals:2: layout_shoals, amcnicky_altar_lugonu_corruption
Shoals:3: layout_shoals
Shoals:4: shoals_end_hangedman, layout_shoals, nicolae_shoals_this_corrosion
Snake:1:  layout_grid_maze, ebering_ghost_reflecting_pool
Snake:2:  nicolae_snake_unarmed_stairs_patrol, layout_onion_interference
Snake:3:  layout_gridlike, gammafunk_ghost_necromancy
Snake:4:  grunt_snake_rune_serpentine_throne, layout_grid_maze,
          chequers_hall_statues_corner_a
Orc:1:    layout_caves, basic_altar
Orc:2:    grunt_orc_community_town_hall, layout_caves,
          grunt_orc_community_big_house_1, grunt_orc_community_big_house_2,
          grunt_orc_community_house_2, grunt_orc_community_house_3,
          grunt_orc_community_house_2, grunt_orc_community_house_3,
          grunt_orc_community_house_3, grunt_orc_community_house_2
Elf:1:    minmay_elf_arrival_summoners, layout_gridlike, serial_shops,
          nicolae_shop_waterfront, nicolae_shop_rolling_square, shop,
          nicolae_square_shop, minmay_elf_crystal_hexagon
Elf:2:    nicolae_elf_blades_crystal_corner, layout_rooms,
          kilobyte_rumbling_trees
Elf:3:    nooodl_elf_gasket, layout_loops_ring, serial_shops, shop,
          nicolae_shop_back_alley_shop, shop, shop
Vaults:1: vaults_room_semicircle, v_misc_17, v_alt_pattern_1, vaults_dpeg_hooks,
          ontoclasm_vaults_loading_screen, vaults_mumra_chevron_long,
          nicolae_vaults_network_square, vaults_room_glass_cross,
          ontoclasm_vaults_ring_small, nicolae_vaults_inception_statues,
          v_alt_pattern_3, v_alt_pattern_2, hangedman_vaults_corner,
          vaults_room_door_ring, nicolae_vaults_mini_display_case,
          layout_vaults_maze, serial_shops, shop_scrolls
Vaults:2: nicolae_vaults_three_branches, hangedman_vaults_corner_blocks,
          vaults_room_fours, v_alt_pattern_6, nicolae_vaults_triangles,
          vaults_room_octagon, ontoclasm_vaults_claustrophobia,
          minmay_crypt_entry_simple_sparse, nicolae_vaults_border_crossing,
          dpeg_vaults_monster_box, ontoclasm_vaults_hangar,
          ontoclasm_vaults_bender, ontoclasm_vaults_ligature,
          ontoclasm_vaults_loading_screen, layout_vaults_omnibox, serial_shops,
          nicolae_lakefront_shop, uniq_jory, uniq_boris, uniq_mara,
          uniq_frederick
Vaults:3: v_rooms_4, v_pattern_4, vaults_room_semicircle, v_misc_9,
          nicolae_vaults_diagonal_hallway_7, vaults_room_fours,
          vaults_standard_mumra_x, ontoclasm_vaults_pinch,
          layout_vaults_omnigrid, serial_shops, nicolae_shop_statue_plus
Vaults:4: gammafunk_ghost_smash, vaults_room_octagon, gammafunk_sealed_arena,
          vaults_room_door_hall, hangedman_vaults_unwind,
          hangedman_vaults_locks, vaults_room_door_hall, v_misc_12,
          nicolae_vaults_little_squares_4, layout_vaults_big_cross

Skill      XL: |  1  2  3  4  5  6  7  8  9 10 11 12 13 14 15 16 17 18 19 20 21 |
---------------+----------------------------------------------------------------+-----
Dodging        | 3 4 5 7 8 9 10 11 13 14 15 16 18 | 18.0
Short Blades   | 2 3 4 5 6 8 9 10 11 12 | 12.0
Stealth        | 5 6 7 8 10 12 14 | 14.0
Spellcasting   | 3 4 6 7 8 10 11 12 | 12.0
Hexes          | 4 5 6 8 9 10 11 13 14 | 14.0
Ice Magic      | 1 2 4 5 6 7 8 |  8.0
Fighting       | 2 3 4 6 7 8 10 12 | 12.0
Evocations     | 3 4 6 8 9 10 14 | 14.0
Ranged Weapons | 2 3 4 5 7 8 |  8.0
Throwing       | 2 4 6 |  6.0
Conjurations   | 2 3 4 5 |  5.0
Poison Magic   | 2 4 5 6 7 9 |  9.0
Air Magic      | 2 4 5 6 8 |  8.0
Armour         | 1 5 6 7 8 |  8.0
Shields        | 5 6 7 8 |  8.0
Transmutations | 5 |  5.0
Earth Magic    | 3 |  3.0
Translocations | 4 8 |  8.0
Long Blades    | 4 8 11 | 11.8

Action                     |  1- 3 |  4- 6 |  7- 9 | 10-12 | 13-15 | 16-18 | 19-21 | 22-24 || total
---------------------------+-------+-------+-------+-------+-------+-------+-------+-------++-------
  Melee: Dagger            |   138 |   184 |   207 |   694 |  1649 |  1506 |  2740 |   164 ||  7282
         Punch             |       |     2 |     4 |    20 |    32 |       |       |       ||    58
         Rapier            |       |       |    60 |    88 |    61 |       |       |       ||   209
         Quick blade       |       |       |       |       |       |       |    74 |       ||    74
         Scimitar          |       |       |       |       |       |       |    86 |       ||    86
         Demon blade       |       |       |       |       |       |       |   252 |     9 ||   261
   Fire: Sling             |       |       |     4 |    25 |   144 |   369 |   163 |       ||   705
  Throw: Stone             |     1 |       |       |       |       |       |       |       ||     1
         Dart              |       |       |     9 |       |     3 |     2 |     1 |       ||    15
         Throwing net      |       |       |       |       |       |       |     2 |       ||     2
   Cast: Ensorcelled Hiber |     4 |    38 |    56 |   108 |    82 |    57 |    19 |       ||   364
         Confusing Touch   |       |     1 |    23 |    27 |    32 |    50 |   108 |     5 ||   246
         Dazzling Flash    |       |       |       |    18 |    18 |    83 |     5 |       ||   124
         Mephitic Cloud    |       |       |       |    15 |    61 |    46 |   137 |    23 ||   282
         Tukima's Dance    |       |       |       |       |     2 |       |     1 |       ||     3
         Metabolic Englaci |       |       |       |       |       |     3 |    10 |     6 ||    19
         Ozocubu's Armour  |       |       |       |       |       |       |    23 |       ||    23
         Passwall          |       |       |       |       |       |       |     1 |       ||     1
         Silence           |       |       |       |       |       |       |     1 |       ||     1
 Invoke: Serpent's Lash    |       |       |       |     1 |     2 |     1 |     4 |       ||     8
Ability: Lunge             |       |       |    10 |    94 |   159 |   136 |   207 |     5 ||   611
         Whirlwind         |       |       |       |    39 |    84 |    70 |   163 |    19 ||   375
         Evoke Blink       |       |       |       |     2 |     9 |     1 |     6 |       ||    18
  Evoke: Wand              |       |       |       |    13 |    18 |    44 |    37 |       ||   112
         Phantom mirror    |       |       |       |       |     1 |       |       |       ||     1
         Lightning rod     |       |       |       |       |       |       |     4 |       ||     4
         Phial of floods   |       |       |       |       |       |       |     1 |       ||     1
         Box of beasts     |       |       |       |       |       |       |     1 |       ||     1
    Use: Scroll            |       |       |       |    16 |    11 |     5 |    10 |       ||    42
         Potion            |       |       |       |     3 |     1 |     4 |       |       ||     8
   Stab: Sleeping          |     9 |    29 |    31 |    61 |    84 |    64 |    53 |       ||   331
         Confused          |       |     1 |    12 |    44 |    98 |    87 |   246 |    21 ||   509
         Distracted        |       |     1 |     1 |     5 |       |     3 |     9 |       ||    19
         Invisible         |       |       |       |    14 |    22 |    69 |    10 |       ||   115
         Held in net/web   |       |       |       |       |       |       |     4 |       ||     4
 Armour: Robe              |    11 |    24 |    30 |    35 |   114 |       |       |       ||   214
         Acid dragon scale |       |       |       |       |    10 |    61 |   161 |       ||   232
         Swamp dragon scal |       |       |       |       |       |    95 |   253 |    15 ||   363
  Dodge: Dodged            |    78 |   100 |   140 |   387 |  1162 |   881 |  2100 |    92 ||  4940
  Block: Buckler           |       |       |       |       |    34 |   376 |   789 |    32 ||  1231

Table legend: (Time is in decaauts)
 A = Elapsed time spent in this place.
 B = Non-inter-level travel time spent in this place.
 C = Inter-level travel time spent in this place.
 D = Time resting spent in this place.
 E = Time spent auto-exploring this place.
 F = Levels seen in this place.
 G = Mean time per level.
                   A        B        C        D        E       F      G
               +--------+--------+--------+--------+--------+-----+--------+
         Total |  44052 |  41034 |   3018 |    381 |  26728 |  38 | 1159.3 |
       Dungeon |  15132 |  13865 |   1267 |    193 |   9278 |  15 | 1008.8 |
        Temple |     66 |     62 |      4 |      0 |     50 |   1 |   66.0 |
          Lair |   4901 |   4388 |    513 |      0 |   2612 |   5 |  980.2 |
        Shoals |   4217 |   4006 |    211 |     14 |   2655 |   4 | 1054.2 |
     Snake Pit |   5756 |   5604 |    152 |     62 |   3693 |   4 | 1439.0 |
  Orcish Mines |   1753 |   1657 |     96 |      0 |   1006 |   2 |  876.5 |
   Elven Halls |   5342 |   5249 |     93 |    112 |   3668 |   3 | 1780.7 |
        Vaults |   6883 |   6204 |    679 |      0 |   3762 |   4 | 1720.8 |
               +--------+--------+--------+--------+--------+-----+--------+

Top non-repeatable levels by time:
 Snake:4: 2603 daAuts
Vaults:2: 2476 daAuts
   Elf:2: 2447 daAuts
    D:11: 2119 daAuts
Shoals:4: 1859 daAuts
   Elf:3: 1812 daAuts
Vaults:4: 1668 daAuts
Vaults:1: 1431 daAuts
   Orc:2: 1360 daAuts
     D:4: 1321 daAuts
  Lair:1: 1313 daAuts
Vaults:3: 1307 daAuts
     D:9: 1260 daAuts
 Snake:1: 1238 daAuts
    D:10: 1181 daAuts
